wizbiz, neutral female human Wizard --- ---- - --.-- |..-- ..--...-- |...| -.......--- ---...| ---.........-----------...---- --- . |.....---....................| ---.--.- --.......|.......-.---...----.--|........ -......-.|..)).......|.--- |...|....(..- ............<.)..*......| ---...>..f..- --------.-.-...........| |......... |................| ---...... - |..|...----....--- |... ---|...| ---....-- |.|.--- --....--- --|...|----......| ---.--.........| |...........-- ------------- wizbiz the Thaumaturge Experience level: 7 Strength: 15 Dexterity: 12 Constitution: 16 Intelligence: 18 Wisdom: 16 Charisma: 8 Health: 20(50) Energy: 45(81) Def: 8 Gold: 2017 Moves: 6189 Dungeon seed: EUlPiq7ufyWrkSF3 Game ID: wizbiz_1531682121 Your Inventory: Coins $ - 2017 gold pieces Weapons a - a blessed +2 quarterstaff (weapon in hands) U - a +0 dagger Armor e - an uncursed +1 cloak of magic resistance (being worn) p - an uncursed +0 pair of high boots y - an uncursed +0 orcish helm (being worn) C - an uncursed +0 leather armor (being worn) D - an uncursed +0 pair of leather gloves (being worn) J - an uncursed +1 pair of speed boots Y - a blessed +1 pair of elven boots (being worn) Comestibles i - 2 uncursed food rations j - 2 uncursed tripe rations u - an uncursed egg W - an uncursed pancake Scrolls k - 2 uncursed scrolls of confuse monster v - 2 uncursed scrolls of magic mapping L - an uncursed scroll of enchant armor M - an uncursed scroll of teleportation N - 3 uncursed scrolls of blank paper P - a cursed scroll of create monster T - an uncursed scroll of remove curse Spellbooks l - a blessed spellbook of force bolt m - an uncursed spellbook of detect monsters t - an uncursed spellbook of magic mapping B - an uncursed spellbook of cure blindness Potions f - 2 uncursed potions of water g - an uncursed potion of extra healing h - an uncursed potion of speed o - an uncursed potion of healing r - an uncursed potion of gain ability A - a potion of holy water Rings c - an uncursed ring of invisibility (on left hand) d - an uncursed ring of polymorph w - an uncursed ring of conflict G - a cursed ring of see invisible Wands b - a wand of light (0:14) H - a wand of lightning (0:8) R - a blessed wand of digging (0:5) Tools s - an uncursed wax candle (0:400) E - an uncursed oil lamp (lit) (0:1194) F - an uncursed magic whistle I - 2 uncursed tallow candles (0:200) K - 2 cursed wax candles (0:400) Q - a bag of tricks (0:19) S - an uncursed skeleton key X - 2 cursed tallow candles (0:200) Gems n - 2 uncursed worthless pieces of yellow glass q - 2 uncursed opals x - an uncursed worthless piece of white glass z - 3 uncursed worthless pieces of yellowish brown glass O - an uncursed worthless piece of violet glass V - an uncursed black opal Z - an uncursed fluorite stone Spells and supernatural/magical abilities: Name Level Category Fail Memory a - force bolt 1 attack 0% 70% n - detect monsters 1 divination 0% 70% B - cure blindness 2 healing 59% 83% M - magic mapping 5 divination 100% 90% W - pray for help -- divine ? -- Your skills at the end: Fighting Skills Weapon Skills quarterstaff [Basic] Spellcasting Skills attack spells [Skilled] enchantment spells [Basic] Final Attributes: You were piously aligned. You were magic-protected. You were telepathic. You were invisible. You were stealthy. You are dead. Vanquished creatures: a human mummy 2 leprechauns a gold golem a raven a Woodland-elf an imp a rock piercer 3 rock moles a violet fungus 3 gnome lords a gnomish wizard a black naga hatchling 2 gray oozes a straw golem a paper golem a giant ant 5 floating eyes 6 dwarves a homunculus 12 hill orcs 2 rothes 2 giant bats 3 dwarf zombies a wererat a werejackal an iguana an acid blob a gas spore 6 hobbits 2 hobgoblins a giant rat 2 cave spiders 3 brown molds 17 gnomes a gnome zombie 8 geckos 14 jackals 2 foxes 2 kobolds a goblin 2 sewer rats 4 grid bugs a bat 4 lichens 2 kobold zombies 7 newts 137 creatures vanquished. Voluntary challenges: You were an atheist. You used a wielded weapon 90 times, starting on turn 64. You read items or engraved 42 times, starting on turn 1. You never genocided any monsters. You never polymorphed an object. You never changed form. You used no wishes. You never split a pudding. You wrote Elbereth's name 1 time, starting on turn 4151. You violated your moral code, losing 14 points of alignment, starting on turn 2322. Dungeon overview: The Dungeons of Doom: levels 1 to 9 Level 1 a long staircase Level 2 (vault) a fountain Level 3 an armor shop, a fountain Level 4 stairs to The Gnomish Mines Level 5 Level 6 a fountain Level 7 a scroll shop Level 8 many fountains Level 9 The Gnomish Mines: levels 5 to 7 Level 5 stairs to The Dungeons of Doom Level 6 <- You were here Level 7 History has recorded: On T:1 you entered the Dungeons of Doom to retrieve the Amulet of Yendor! On T:334 you reached level 2 of The Dungeons of Doom. On T:804 you reached level 3 of The Dungeons of Doom. On T:857 you reached level 4 of The Dungeons of Doom. On T:1120 you advanced to experience level 2. On T:1336 you advanced to experience level 3. On T:1416 you reached level 1 of The Gnomish Mines. On T:1465 you reached level 5 of The Dungeons of Doom. On T:2134 you advanced to experience level 4. On T:2233 you reached level 6 of The Dungeons of Doom. On T:2254 you reached level 7 of The Dungeons of Doom. On T:2744 you reached level 8 of The Dungeons of Doom. On T:2968 you advanced to experience level 5. On T:3779 you advanced to experience level 6. On T:4162 you reached level 9 of The Dungeons of Doom. On T:5128 you reached level 2 of The Gnomish Mines. On T:5410 you advanced to experience level 7. On T:6182 you reached level 3 of The Gnomish Mines. Score breakdown: Gold: 2017 (11242 points) Experience: 7 levels (13645 points) Exploration: 9 levels ( 18.00%) (12121 points) Discoveries: 14 items ( 4.88%) ( 6625 points) Valuables value: (no points given unless you survive) Artifact value: 0 ( 0 points) Variety of kills: 46 monsters ( 12.07%) (10424 points) Turncount: 6189 turns (-1669 points) Survival: died (score multiplied by 80%) Total score: 41910 Latest messages: You hit the gold golem! The gold golem hits! (2x) The spell hits the gold golem! You feel strong! You must have been exercising. You feel tough! You must be leading a healthy life-style. You stop exploring. The spell hits the gold golem! You destroy the gold golem! You have a little trouble lifting $ - 104 gold pieces. You fall down the stairs. You sense the presence of monsters. You stop exploring. You fall into a pit! You land on a set of sharp iron spikes! The spikes were poisoned! The poison was deadly... Final status: Goodbye wizbiz the Wizard, killed by a fall onto poison spikes... You were poisoned in The Gnomish Mines on dungeon level 6 with 41910 points, and 2017 pieces of gold, after 6189 moves. You were level 7 with a maximum of 50 hit points when you were poisoned.